 Dungeon Crawl Stone Soup version 0.26-a0-712-ga5a9c9c9d0 (webtiles) character file.

Game seed: 6391068139862078515

71 Azzok the Skirmisher (level 4, 37/37 HPs)
             Began as a Demonspawn Fighter on Nov 3, 2020.
             Quit the game on level 2 of the Dungeon.
             The game lasted 00:02:01 (1206 turns).

Azzok the Skirmisher (Demonspawn Fighter)           Turns: 1206, Time: 00:02:02

Health: 37/37      AC: 13    Str: 18    XL:     4   Next: 5%
Magic:  4/4        EV:  3    Int:  9    God:
Gold:   65         SH:  9    Dex: 12    Spells: 3/3 levels left

rFire    . . .     SeeInvis .   a - +0 war axe
rCold    . . .     Faith    .   c - +0 kite shield
rNeg     . . .     Spirit   +   l - +0 plate armour
rPois    .         Reflect  .   (no helmet)
rElec    .         Harm     .   b - +0 cloak
rCorr    .         Rampage  .   (no gloves)
MR       .....                  (no boots)
Stlth    ..........             (no amulet)
HPRegen  0.12/turn              (no ring)
MPRegen  0.09/turn              (no ring)

@: no status effects
A: magic shield, sharp scales 1
a: no special abilities


You were on level 2 of the Dungeon.
You visited 1 branch of the dungeon, and saw 2 of its levels.

You collected 65 gold pieces.

Inventory:

Hand Weapons
 a - a +0 war axe (weapon)
Armour
 b - a +0 cloak (worn)
 c - a +0 kite shield (worn)
 l - a +0 plate armour (worn)
Scrolls
 e - 3 scrolls of remove curse {unknown}
 h - 2 scrolls of identify {unknown}
 j - a scroll of amnesia {unknown}
 n - a scroll of fog {unknown}
Potions
 d - a potion of might
 f - 2 potions of ambrosia {unknown}
 g - 2 potions of lignification {unknown}
 i - a potion of resistance {unknown}
 k - a potion of curing {unknown}
 m - a potion of degeneration {unknown}


   Skills:
 + Level 4.1 Fighting
 - Level 1.7 Axes
 - Level 2.6 Armour
 + Level 3.7 Shields


You had 3 spell levels left.
You didn't know any spells.
Your spell library was empty.

Dungeon Overview and Level Annotations

Branches:
Dungeon (2/15)

Altars:


Innate Abilities, Weirdness & Mutations

When hurt, damage is shared between your health and your magic reserves.
You are partially covered in razor-sharp scales. (AC +1, Slay +1)


Message History

The goblin shouts!
Found a hand axe.
A goblin is nearby!
A goblin is nearby!
An adder comes into view.
The adder hisses angrily.
The adder moves out of view.
The goblin hits you but does no damage.
You slash the goblin!
You kill the goblin!
The adder bites you but does no damage.
You see here a +0 dagger.
You slash the adder!
You kill the adder!
You have reached level 4!
You feel stronger.
Your demonic ancestry asserts itself...
You feel your magical essence form a protective shroud around your flesh.
Quiver which item? (- for none, * to show all) (? for menu, Esc to quit)
Okay, then.
Are you sure you want to abandon this character and quit the game? (Confirm with "yes".)

▒▒▒▒▒▒▒·▒▒▒▒▒▒
········▒
▒·············
········▒
▒·············
·······▒
▒············· ▒·····▒
▒············· ▒·····▒
▒·············
▒·····▒▒▒··········†(·
▒·····················
▒····@················
▒·····················
▒·)···················
▒▒▒▒▒▒······▒▒▒▒▒▒▒▒▒▒
▒······▒ ▒···$··▒
▒▒▒▒▒▒▒▒


There were no monsters in sight!

Vanquished Creatures
  3 adders (D:2)
  An ooze (D:1)
  A ball python (D:1)
  8 giant cockroaches
  5 hobgoblins
  10 bats
  4 frilled lizards
  4 goblins
  A kobold (D:1)
  A rat (D:1)
38 creatures vanquished.

Notes
Turn   | Place    | Note
-------+----------+-------------------------------------------
     0 | D:1      | Azzok the Demonspawn Fighter began the quest for the Orb.
     0 | D:1      | Reached XP level 1. HP: 18/18 MP: 1/1
   174 | D:1      | You fall into a shaft and drop 1 floor!
   323 | D:2      | Gained mutation: You are partially covered in razor-sharp
                  | scales. (AC +1, Slay +1) [demonic ancestry]
   323 | D:2      | Reached XP level 2. HP: 17/24 MP: 2/2
   732 | D:1      | Reached XP level 3. HP: 29/29 MP: 3/3
  1067 | D:2      | Reached skill level 4 in Fighting
  1205 | D:2      | Gained mutation: When hurt, damage is shared between your
                  | health and your magic reserves. [demonic ancestry]
  1205 | D:2      | Reached XP level 4. HP: 37/37 MP: 4/4
  1206 | D:2      | Quit the game

Illustrated notes

Levels and vault maps discovered:
D:1:      mrwooster_arrival_statue, layout_rooms, minmay_worlds_worst_comb
D:2:      layout_basic, minmay_bisected

Skill      XL: |  1  2  3 |
---------------+----------+-----
Shields        | 3 |  3.7
Fighting       | 4 |  4.1
Axes           | |  1.7
Armour         | |  2.6

Action                   |  1- 3 |  4- 6 || total
-------------------------+-------+-------++-------
Melee: War axe           |   113 |       ||   113
Armor: Scale mail        |    73 |       ||    73
       Plate armour      |    33 |       ||    33
Dodge: Dodged            |    28 |       ||    28
Block: Kite shield       |    70 |       ||    70

Table legend: (Time is in decaauts)
 A = Elapsed time spent in this place.
 B = Non-inter-level travel time spent in this place.
 C = Inter-level travel time spent in this place.
 D = Time resting spent in this place.
 E = Time spent auto-exploring this place.
 F = Levels seen in this place.
 G = Mean time per level.
                   A        B        C        D        E       F      G
               +--------+--------+--------+--------+--------+-----+--------+
         Total |   1263 |   1212 |     51 |    221 |    680 |   2 |  631.5 |
       Dungeon |   1263 |   1212 |     51 |    221 |    680 |   2 |  631.5 |
               +--------+--------+--------+--------+--------+-----+--------+

Top non-repeatable levels by time:
     D:1: 752 daAuts
     D:2: 511 daAuts
